cohdb
Replays
Latest Replays
All Replays
Popular Replays
Top Player Replays
Match Explorer
How It Works
Community
CoH3 Stats
Reddit
Sign in to upload your games and track your stats! →
Sign in with Steam
Match 32263262
Unlisted
Match 32263262
Overview
Messages
Build Orders
End
Construct Barracks
Riflemen Squad
Riflemen Squad
Selects Advanced Infantry Battlegroup
Riflemen Squad
Infantry Support Center
Selects Convert to Ranger Squad
Munitions Surplus
Construct Weapon Support Center
Convert to Ranger Squad
Improved M9 Bazooka Rockets
Selects Frontline Medical Station
Frontline Medical Station
Convert to Ranger Squad
Selects Artillery Observers
Advanced Logistics
Convert to Ranger Squad
Survival Training
Selects Ranger Weapon Training
Artillery Observer Squad
Decapsy
kimchismell
박정희
gUi
战争之裂血手套
RICO
Momoko
Leni
0
0
Comments
sign in to comment!
No comments posted yet!